 Dungeon Crawl Stone Soup version 0.16-a0-3884-g0a5f664 (webtiles) character file.

332 Ololoev the Slasher (level 6, -6/46 HPs)
             Began as a Vampire Fighter on Feb 2, 2015.
             Killed by divine providence
             ... invoked by an orc priest
              (14 damage)
             ... on level 4 of the Dungeon.
             The game lasted 00:12:09 (2176 turns).

Ololoev the Slasher (Vampire Fighter)               Turns: 2176, Time: 00:12:10

Health: -6/46      AC: 12    Str: 15    XL:     6   Next: 26%
Magic:  9/9        EV:  8    Int: 12    God:
Gold:   142        SH:  4    Dex: 13    Spells: 0 memorised, 5 levels left

rFire  . . .     SeeInvis +     e - +1 scimitar (protect)
rCold  + . .     Clarity  .     b - +0 scale mail
rNeg   + + .     SustAb   .     l - +0 buckler
rPois  .         Gourm    .     q - +0 helmet
rElec  .         Spirit   .     (no cloak)
rCorr  .         Warding  +     (no gloves)
rMut   .         Stasis   .     (no boots)
MR     .....                    c - amulet of warding
Stlth  ..........               d - ring of protection from cold
                                h - ring of positive energy (curse)

@: regenerating quickly, not resistant to hostile enchantments, extremely
unstealthy
A: bottle blood, fangs 3, see invisible, unbreathing
a: no special abilities


You were on level 4 of the Dungeon.
You were very full.

You visited 1 branch of the dungeon, and saw 4 of its levels.

You collected 142 gold pieces.

Notes
Turn   | Place    | Note
--------------------------------------------------------------
     0 | D:1      | Ololoev, the Vampire Fighter, began the quest for the Orb.
     0 | D:1      | Reached XP level 1. HP: 17/17 MP: 1/1
   121 | D:1      | Reached XP level 2. HP: 23/23 MP: 2/2
   179 | D:1      | Reached skill level 3 in Long Blades
   455 | D:1      | Reached XP level 3. HP: 28/28 MP: 3/3
   580 | D:2      | Reached skill level 4 in Long Blades
   809 | D:2      | Noticed Terence
   845 | D:2      | Killed Terence
   845 | D:2      | Reached XP level 4. HP: 24/34 MP: 4/4
  1048 | D:2      | You fall through a shaft for 2 floors!
  1076 | D:4      | Reached skill level 1 in Evocations
  1368 | D:4      | Found a sparkling altar of Nemelex Xobeh.
  1373 | D:4      | Noticed haldagan's ghost (average OgBe)
  1390 | D:3      | Reached XP level 5. HP: 37/39 MP: 6/6
  1566 | D:3      | Reached skill level 5 in Long Blades
  2105 | D:4      | Reached XP level 6. HP: 46/46 MP: 8/8
  2176 | D:4      | Killed from afar by an orc priest

Inventory:

Hand weapons
 e - a +1 scimitar of protection (weapon)
Armour
 b - a +0 scale mail (worn)
 l - a +0 buckler (worn)
 q - a +0 helmet (worn)
Jewellery
 c - an amulet of warding (around neck)
 d - a ring of protection from cold (right hand)
 h - a cursed ring of positive energy (left hand)
Scrolls
 o - a scroll of fear
Potions
 g - a potion of lignification {unknown}
 i - a potion of brilliance {unknown}
 m - a potion of magic
 r - a potion of resistance {unknown}

Table legend:
 A = Turns spent in this place as a percentage of turns spent in the entire game.
 B = Non-inter-level travel turns spent in this place as a percentage of non-inter-level travel turns spent in the entire game.
 C = Inter-level travel turns spent in this place as a percentage of turns spent in this place.
 D = Turns resting spent in this place as a percentage of non-inter-level travel turns spent in this place.
 E = Turns spent auto-exploring this place as a percentage of non-inter-level travel turns spent in this place.
 F = Non-inter-level travel turns spent in this place divided by the number of levels of this place that you've seen.
                   A       B       C       D       E      F
               +-------+-------+-------+-------+-------+----------------------
         Total | 100.0 | 100.0 |   0.4 |   3.2 |   6.2 | 254.8
       Dungeon | 100.0 | 100.0 |   0.4 |   3.2 |   6.2 | 254.8
               +-------+-------+-------+-------+-------+----------------------


   Skills:
 - Level 2.6 Fighting
 * Level 5.7 Long Blades
 - Level 2.4 Armour
 - Level 2.6 Shields
 + Level 3.1 Evocations


You had 5 spell levels left.
You didn't know any spells.

Dungeon Overview and Level Annotations

Branches:
Dungeon (4/15)
 Temple: D:4-7

Altars:
Nemelex Xobeh

Annotations:
D:4 haldagan's ghost, average OgBe


Innate Abilities, Weirdness & Mutations

Your natural rate of healing is unusually fast.
You can bottle blood from corpses.
You have razor-sharp teeth.
You have supernaturally acute eyesight.
You can survive without breathing.


Message History

The wight is almost destroyed.
The wight hits you with a scimitar of protection!
You hit the wight.
You destroy the wight!
Your Evocations skill increases to level 3!
Items here: )) [[ รท a scimitar of protection; a glowing robe; a dagger; a robe; an orc skeleton
e - a scimitar of protection Wear which item? (? for menu, Esc to quit)
Okay, then.
Wield which item (- for none, * to show all)? (? for menu, Esc to quit)
You feel protected! It sticks to your hand!
e - a cursed +0 scimitar of protection (weapon)
Drop what? 14/52 slots (_ for help) (? for menu, Esc to quit)
You drop a +1 long sword.
Read which item? (? for menu, Esc to quit)
Enchant which weapon? (? for menu, Esc to quit)
As you read the scroll of enchant weapon, it crumbles to dust.
Your cursed +0 scimitar of protection glows red for a moment.
You start resting.
Magic restored.
You start resting.
The orc shouts!
You hit the orc.
The orc is severely wounded.
The orc closely misses you.
You closely miss the orc.
The orc is severely wounded.
The orc hits you but does no damage.
You closely miss the orc.
The orc is severely wounded.
The orc hits you with a dagger. The orc barely misses you.
An orc priest comes into view. It is wielding a club.
You hit the orc.
You kill the orc!
The orc priest invokes the aid of Beogh against you.
Something smites you!
The orc priest mumbles some strange prayers to Beogh against you.
Something smites you!
You die...

#......## #...............
#.......# #.......(.......
#.......## ##.....(........
#........# #....(.........
#........# #...(..........
#........## ##.............
#.........# #............,
#.........####...........,,
#.......<)@.###..........,*
#.......)...)...........,**
##.........###(.........,,,
#......%.## ##.o.......,,,
########## ##..#######***
###..### #..)...##
#.....(.# ##...(...#


You could see an orc priest.

Table legend:
 A = Kills in this place as a percentage of kills in entire the game.
 B = Kills by you in this place as a percentage of kills by you in the entire game.
 C = Kills by friends in this place as a percentage of kills by friends in the entire game.
 D = Other kills in this place as a percentage of other kills in the entire game.
 E = Experience gained in this place as a percentage of experience gained in the entire game.
 F = Experience gained in this place divided by the number of levels of this place that you have seen.
                   A       B       C       D       E      F
               +-------+-------+-------+-------+-------+----------------------
         Total | 100.0 | 100.0 |  -nan |  -nan | 100.0 | 118.8
       Dungeon | 100.0 | 100.0 |  -nan |  -nan | 100.0 | 118.8
               +-------+-------+-------+-------+-------+----------------------

Vanquished Creatures
  3 wights
  A giant frog skeleton (D:4)
  A centaur skeleton (D:4)
  An orc wizard (D:4)
  Terence (D:2)
  2 adders (D:2)
  2 giant mites
  A giant gecko (D:1)
  4 orcs
  7 bats
  7 giant cockroaches
  6 hobgoblins
  2 giant newts
  11 goblins
  3 jackals
  5 kobolds
  15 rats
72 creatures vanquished.

Action                   |  1- 3 |  4- 6 || total
-------------------------+-------+-------++-------
Melee: Long sword        |    87 |   123 ||   210
       Dagger            |    23 |     1 ||    24
       Scimitar          |       |     4 ||     4
Evoke: Wand              |       |     1 ||     1
  Use: Potion            |     3 |    10 ||    13
       Scroll            |       |     9 ||     9

Vault maps used:
D:1:      dpeg_arrival_court, minmay_rat_gold_closets
D:2:      serial_co_window_serial, co_window_paths_b, co_window_paths_b,
          co_window_of_opportunity_a, co_window_corner_a,
          co_window_of_opportunity_a, co_window_cross_2, co_window_2corner,
          co_window_of_opportunity_b, co_window_of_opportunity_b,
          glass_columns_a, glass_columns_a, glass_columns_c, first_bread,
          minmay_misc_feat_chi, minmay_misc_feat_four_crosses, glass_columns_a,
          uniq_terence
D:4:      nemelex_xobeh_ov_fountains_minmay, serial_shops, shop, uniq_menkaure
